 Dungeon Crawl Stone Soup version 0.29.1-15-g9cfb28693d (webtiles) character file.

Game seed: 15120415450117089207

409 zeram the Chopper (level 6, -8/55 HPs)
             Began as a Hill Orc Fighter on Feb 25, 2023.
             Was an Initiate of Qazlal.
             Killed by nerve-wracking pain
             ... invoked by a shadow imp
              (10 damage)
             ... on level 3 of the Dungeon.
             The game lasted 00:06:08 (3340 turns).

zeram the Chopper (Hill Orc Fighter)                Turns: 3340, Time: 00:06:09

Health: -8/55      AC:  8    Str: 21    XL:     6   Next: 89%
Magic:  6/6        EV:  9    Int:  8    God:    Qazlal [......]
Gold:   257        SH:  4    Dex: 10    Spells: 5/5 levels left

rFire   . . .      SeeInvis .   a - +0 war axe
rCold   . . .      Faith    .   c - +0 buckler
rNeg    . . .      Spirit   .   b - +0 scale mail
rPois   .          Reflect  .   h - +0 helmet
rElec   .          Harm     .   (no cloak)
rCorr   .          Rampage  .   (no gloves)
Will    .....                   (no boots)
Stlth   ..........              (no amulet)
HPRegen 0.18/turn               (no ring)
MPRegen 0.10/turn               (no ring)

@: no status effects
A: no striking features
a: Renounce Religion, Convert to Beogh


You were on level 3 of the Dungeon.
You worshipped Qazlal.
Qazlal was noncommittal.
You visited 1 branch of the dungeon, and saw 4 of its levels.

You collected 257 gold pieces.

Inventory:

Hand Weapons
 a - a +0 war axe (weapon)
Armour
 b - a +0 scale mail (worn)
 c - a +0 buckler (worn)
 h - a +0 helmet (worn)
Jewellery
 d - a +6 ring of strength
 l - a +6 ring of strength
Wands
 p - a wand of acid (12)
 q - a wand of flame (14)
Scrolls
 j - a scroll of teleportation
 n - a scroll of identify
Potions
 e - a potion of attraction {unknown}
 f - a potion of brilliance
 g - 2 potions of degeneration
 k - a potion of might
 o - 2 potions of curing


   Skills:
 + Level 4.9 Fighting
 + Level 6.6 Axes
 + Level 4.6 Armour
 + Level 1.0 Dodging
 + Level 4.1 Shields


You had 5 spell levels left.
You didn't know any spells.
Your spell library contained the following spells:

 Spells                   Type           Power      Damage    Failure   Level
 Shock                    Conj/Air       0%         1d3       83%         1
 Summon Small Mammal      Summ           0%         N/A       83%         1
 Call Canine Familiar     Summ           0%         N/A       99%         3
 Summon Guardian Golem    Hex/Summ       0%         N/A       99%         3
 Swiftness                Air            0%         N/A       99%         3
 Airstrike                Air            0%         2d(0-16)  100%        4


Dungeon Overview and Level Annotations

Branches:
Dungeon (4/15)
 Temple: D:4-7

Altars:
Qazlal
Trog
Vehumet
The Shining One

Annotations:
D:3 1 transporter


Message History

A shadow imp is nearby!
A shadow imp is nearby!
The shadow imp sputters.
Your transformation is almost over.
The shadow imp disappears for a moment.
The shadow imp shouts, "Scamper hence, thou hateful fob-snatching gnoll-tail!"
You feel less wooden.
Your +0 helmet unmelds from your body.
Your +0 scale mail unmelds from your body.
The shadow imp gestures at you. Pain shoots through your body!
Unknown command.
You flicker for a moment.
The shadow imp gestures at you.
You barely resist.
There is an open door here.
The shadow imp gestures at the plant.
You hit the plant.
The plant begins to die.
The plant is lightly damaged.
You flicker back into view.
You slash the plant!
The plant is lightly damaged.
The shadow imp gestures at you. Pain shoots through your body!
The orc priest invokes the aid of Beogh against you.
Pain shoots through your body!
You hit the plant.
The plant is lightly damaged.
A nearby plant withers and dies.
The shadow imp gestures at you. Pain shoots through your body!
The shadow imp gestures at you. Pain shoots through your body!
* * * LOW HITPOINT WARNING * * *
The shadow imp gestures at you. Pain shoots through your body!
* * * LOW HITPOINT WARNING * * *
The shadow imp gestures at you. Pain shoots through your body!
You die...

#.>....#####.#.### #........
#.##.#.# #.#...# #..######
#.##>#.#####.....##### #..#
#.##)................# #..#
#.##.###############.# #..#
#.##.#8~#.....o5#P8#.# #..#
.....#P.#≈≈≈≈≈≈≈#.P#.####..#
#.#..#$.#..~~~..#..#.......#
#...©#©[+..~⌠~..@.©#©..#...#
#.#..#$.#..~~~..#..#..##.#.##
#....#P.#≈≈≈≈≈≈≈#.P#.##.###.#####
####.#8P#....!55#P8#...## ##.....
#.###############.#..###..####
#.................#.#.#.#.#
#.###....#..#.##.##.#..##.# ##
#.###.##.#..#.##.##.#..##.###.
#.##...#.#..#.............#E#.


You could see an orc priest and 3 shadow imps.

Vanquished Creatures
  Sigmund (D:2)
  An ogre (D:4)
  A scorpion (D:4)
  2 gnolls (D:4)
  3 adders
  2 dart slugs
  An orc (D:4)
  2 ball pythons
  6 bats
  4 endoplasms
  2 giant cockroaches
  4 goblins
  8 hobgoblins
  3 quokkas
  4 frilled lizards
  10 kobolds
  4 rats
58 creatures vanquished.

Vanquished Creatures (others)
  A wizard (D:4)
  A plant (D:3)
2 creatures vanquished.

Grand Total: 60 creatures vanquished

Notes
Turn   | Place    | Note
-------+----------+-------------------------------------------
     0 | D:1      | zeram the Hill Orc Fighter began the quest for the Orb.
     0 | D:1      | Reached XP level 1. HP: 19/19 MP: 1/1
   152 | D:1      | Reached XP level 2. HP: 27/27 MP: 2/2
   549 | D:1      | Reached skill level 3 in Axes
   647 | D:1      | Reached XP level 3. HP: 33/33 MP: 3/3
  1186 | D:2      | Noticed Sigmund
  1190 | D:2      | Killed Sigmund
  1191 | D:2      | Reached skill level 5 in Axes
  1191 | D:2      | Reached XP level 4. HP: 39/41 MP: 4/4
  1191 | D:2      | Reached XP level 5. HP: 44/47 MP: 5/5
  1604 | D:2      | You fall into a shaft and drop 2 floors!
  1627 | D:4      | Noticed an ogre
  1631 | D:4      | Killed an ogre
  1632 | D:4      | Reached skill level 6 in Axes
  1632 | D:4      | Reached XP level 6. HP: 24/55 MP: 6/6
  1981 | D:4      | Found a bloodstained altar of Trog.
  1982 | D:4      | Noticed a wizard
  1988 | D:4      | Killed a wizard
  2081 | D:4      | Reached skill level 1 in Dodging
  2090 | D:4      | Noticed a black bear
  2338 | D:3      | Found a transporter.
  2346 | D:3      | Found a transporter.
  2388 | D:3      | Identified the +3 ring mail of Daisies {-Cast rPois rCorr
                  | Stlth-}
  2415 | D:3      | Found a radiant altar of Vehumet.
  2584 | D:2      | Found a faded altar of an unknown god.
  2588 | D:2      | Identified the +1 leather armour of Liytiw {Int+5}
  2817 | D:3      | Noticed a water elemental
  2818 | D:3      | Found a stormy altar of Qazlal.
  2819 | D:3      | Noticed an air elemental
  2820 | D:3      | Noticed a fire elemental
  3201 | D:3      | Found a glowing golden altar of the Shining One.
  3268 | D:3      | Became a worshipper of Qazlal Stormbringer
  3340 | D:3      | HP: 2/55 [shadow imp/nerve-wracking pain (14)]
  3340 | D:3      | Killed from afar by a shadow imp

Illustrated notes

Levels and vault maps discovered:
D:1:      arrival_zaba_pyramid, layout_basic
D:2:      layout_loops_ring, hellmonk_ecumenical_altar_arch_garden,
          minivault_23, uniq_sigmund
D:3:      gammafunk_wand_slinger, layout_loops_ring, vehumet_altar_wand_db,
          nicolae_qazlal_style_of_elements, nicolae_tso_swordbearing_angel,
          minmay_misc_feat_cross
D:4:      layout_loops_ring, trog_wizard, minmay_stone_trees_large

Skill      XL: |  1  2  3  4  5  6 |
---------------+-------------------+-----
Fighting       | 4 |  4.9
Axes           | 3 5 6 |  6.6
Armour         | 4 |  4.6
Shields        | 4 |  4.1
Dodging        | 1 |  1.0

Action                   |  1- 3 |  4- 6 || total
-------------------------+-------+-------++-------
Melee: War axe           |    74 |    98 ||   172
  Use: Scroll            |     3 |     6 ||     9
       Potion            |     1 |     3 ||     4
Armor: Scale mail        |    37 |    41 ||    78
Dodge: Dodged            |    35 |    46 ||    81
Block: Buckler           |    12 |    27 ||    39
